 Dungeon Crawl Stone Soup version 0.29-a0-555-g3b24f45cc1 (webtiles) character file.

Game seed: 14109397964257245470

137 quinnr the Gusty (level 5, -4/28 HPs)
             Began as a Tengu Air Elementalist on June 7, 2022.
             Slain by a water moccasin (5 damage)
             ... on level 4 of the Dungeon.
             The game lasted 00:06:07 (3614 turns).

quinnr the Gusty (Tengu Air Elementalist)           Turns: 3614, Time: 00:06:07

Health: -4/28      AC:  7    Str:  9    XL:     5   Next: 20%
Magic:  2/9        EV: 17    Int: 17    God:
Gold:   155        SH:  0    Dex:  9    Spells: 2/8 levels left

rFire   . . .      SeeInvis +   p - +2 dagger (venom)
rCold   . . .      Faith    .   (no shield)
rNeg    + . .      Spirit   .   o - +3 leather armour "Fown" {rN+ Dex-5 SInv}
rPois   .          Reflect  .   t - +0 hat
rElec   .          Harm     .   r - scarf {+Inv}
rCorr   .          Rampage  .   n - +0 pair of gloves
Will    .....                   (boots unavailable)
Stlth   +.........              (no amulet)
HPRegen 0.09/turn               d - +4 ring of evasion
MPRegen 0.11/turn               (no ring)

@: lethally poisoned (-4 -> -11), flying quickly and evasively, very slightly
contaminated, quick
A: beak, talons 3, nimble flight
a: Evoke Invisibility


You were on level 4 of the Dungeon.
You visited 1 branch of the dungeon, and saw 4 of its levels.

You collected 155 gold pieces.

Inventory:

Hand Weapons
 p - a +2 dagger of venom (weapon)
Missiles
 q - 3 atropa-tipped darts
Armour
 n - a +0 pair of gloves (worn)
 o - the +3 leather armour "Fown" (worn) {rN+ Dex-5 SInv}
   (You found it on level 3 of the Dungeon)

   Dex:       It affects your dexterity (-5).
   rN:        It protects you from negative energy.
   SInv:      It lets you see invisible.
 r - a scarf of invisibility (worn)
 t - a +0 hat (worn)
Jewellery
 d - a +4 ring of evasion (left hand)
Scrolls
 h - 3 scrolls of teleportation {unknown}
 i - 2 scrolls of blinking {unknown}
 k - a scroll of fear {unknown}
 l - 3 scrolls of identify {unknown}
Potions
 b - a potion of magic
 c - a potion of flight {unknown}
 e - 2 potions of attraction {unknown}
 f - 2 potions of curing
 g - 3 potions of might {unknown}
 j - a potion of heal wounds {unknown}
 m - a potion of experience {unknown}
 s - a potion of brilliance {unknown}


   Skills:
 - Level 2.1 Dodging
 - Level 2.0 Stealth
 - Level 2.0 Spellcasting
 - Level 2.0 Conjurations
 + Level 7.0 Air Magic
 + Level 1.4 Poison Magic


You had 2 spell levels left.
You knew the following spells:

 Your Spells              Type           Power      Damage    Failure   Level
a - Shock                 Conj/Air       68%        1d7       4%          1
b - Mephitic Cloud        Conj/Pois/Air  13%        N/A       21%         3
c - Static Discharge      Conj/Air       17%        N/A       6%          2

Your spell library contained the following spells:

 Spells                   Type           Power      Damage    Failure   Level
 Magic Dart               Conj           32%        1d4       12%         1
 Call Imp                 Summ           1%         N/A       38%         2
 Swiftness                Air            25%        N/A       4%          3
 Airstrike                Air            12%        N/A       14%         4


Dungeon Overview and Level Annotations

Branches:
Dungeon (4/15)
 Temple: D:4-7

Altars:

Annotations:
D:4 Grinder


Innate Abilities, Weirdness & Mutations

You have a beak for a mouth.
You have claws for feet.
Your magical nature lets you fly swiftly and evasively.


Message History

The water moccasin is severely wounded.
You are struck by an arc of lightning.
* * * LOW HITPOINT WARNING * * *
The lightning grounds out.
The water moccasin bites you.
* * * LOW HITPOINT WARNING * * *
Unknown command.
Unknown command.
Casting: Static Discharge (safe; 6% risk of failure)
Confirm with . or Enter, or press ? or * to list all spells.
Okay, then.
You feel better. The water moccasin closely misses you.
The water moccasin bites you but does no damage.
Unknown command.
Casting: Static Discharge (safe; 6% risk of failure)
Confirm with . or Enter, or press ? or * to list all spells.
You don't have enough magic to cast this spell.
Unknown command.
Unknown command.
You hit the water moccasin.
The water moccasin is severely wounded.
The water moccasin closely misses you.
You barely miss the water moccasin. Your kick misses the water moccasin.
The water moccasin is severely wounded.
The water moccasin barely misses you. The water moccasin closely misses you.
You hit the water moccasin but do no damage.
Your kick misses the water moccasin.
The water moccasin is severely wounded.
The water moccasin bites you.
You are poisoned.
The water moccasin poisons you!
You closely miss the water moccasin. Your kick misses the water moccasin.
Your peck misses the water moccasin.
The water moccasin is severely wounded.
You feel very sick. The water moccasin bites you!
* * * LOW HITPOINT WARNING * * *
Unknown command.
* * * LOW HITPOINT WARNING * * *
You feel sick. The water moccasin bites you.
You die...

#########...###....#
.............<...#.#
......... ....)....#
#.....$.# #.######.#
#.# #.# #.# #.# #.#
#.# #.# #.# #.# #S#
#.# #†#
#@###.######.#
#.#..........#
#......#######
#.......# #.......#
.......|.#
#.##..^..## ...
##...## ### #####


You could see a water moccasin.

Vanquished Creatures
  A scorpion (D:4)
  An adder (D:2)
  2 dart slugs (D:2)
  5 orcs
  6 ball pythons (D:3)
  6 endoplasms
  4 giant cockroaches
  12 goblins
  5 hobgoblins
  4 bats
  A frilled lizard (D:2)
  3 kobolds (D:2)
  4 rats
54 creatures vanquished.

Vanquished Creatures (others)
  2 fungi (D:1)
2 creatures vanquished.

Grand Total: 56 creatures vanquished

Notes
Turn   | Place    | Note
-------+----------+-------------------------------------------
     0 | D:1      | quinnr the Tengu Air Elementalist began the quest for the
                  | Orb.
     0 | D:1      | Reached XP level 1. HP: 10/10 MP: 4/4
   767 | D:1      | Reached XP level 2. HP: 15/15 MP: 0/6
  1057 | D:1      | Found a faded altar of an unknown god.
  1332 | D:2      | Reached skill level 5 in Air Magic
  1665 | D:2      | Reached XP level 3. HP: 15/19 MP: 2/7
  1758 | D:2      | Identified the +3 leather armour of Resonance {Rampage
                  | rCorr}
  1995 | D:2      | Reached skill level 6 in Air Magic
  2282 | D:3      | Identified the +3 leather armour "Fown" {rN+ Dex-5 SInv}
  2465 | D:3      | Reached XP level 4. HP: 24/24 MP: 6/8
  2958 | D:3      | Learned a level 3 spell: Mephitic Cloud
  3366 | D:4      | Noticed Grinder
  3439 | D:4      | Learned a level 2 spell: Static Discharge
  3518 | D:4      | Noticed a scorpion
  3529 | D:4      | Killed a scorpion
  3530 | D:4      | Reached skill level 7 in Air Magic
  3530 | D:4      | Reached skill level 1 in Poison Magic
  3530 | D:4      | Gained mutation: Your magical nature lets you fly swiftly
                  | and evasively. [Tengu growth]
  3530 | D:4      | Reached XP level 5. HP: 28/28 MP: 3/9
  3600 | D:4      | Noticed a water moccasin
  3613 | D:4      | HP: 2/28 [water moccasin (7)]
  3614 | D:4      | Slain by a water moccasin

Illustrated notes

Levels and vault maps discovered:
D:1:      nicolae_arrival_somewhat_less_tricky_arrival, layout_basic,
          shapermc_ecumenical_altar_hornbeckon
D:2:      layout_rooms
D:3:      kennysheep_the_goblin_king, layout_basic
D:4:      layout_loops_ring, kennysheep_windowed_goal, uniq_grinder

Skill      XL: |  1  2  3  4 |
---------------+-------------+-----
Air Magic      | 5 6 7 |  7.0
Conjurations   | 2 |  2.0
Poison Magic   | 1 |  1.4
Dodging        | |  2.1
Stealth        | |  2.0
Spellcasting   | |  2.0

Action                   |  1- 3 |  4- 6 || total
-------------------------+-------+-------++-------
Melee: Unarmed           |     8 |       ||     8
       Kick              |     5 |       ||     5
       Peck              |     1 |       ||     1
       Dagger            |       |     4 ||     4
 Cast: Shock             |    91 |    31 ||   122
       Static Discharge  |       |     3 ||     3
  Use: Potion            |       |     2 ||     2
Armor: Robe              |     4 |       ||     4
       Leather armour    |       |     5 ||     5
Dodge: Dodged            |    39 |    11 ||    50

Table legend: (Time is in decaauts)
 A = Elapsed time spent in this place.
 B = Non-inter-level travel time spent in this place.
 C = Inter-level travel time spent in this place.
 D = Time resting spent in this place.
 E = Time spent auto-exploring this place.
 F = Levels seen in this place.
 G = Mean time per level.
                   A        B        C        D        E       F      G
               +--------+--------+--------+--------+--------+-----+--------+
         Total |   3613 |   3476 |    137 |    152 |   2813 |   4 |  903.2 |
       Dungeon |   3613 |   3476 |    137 |    152 |   2813 |   4 |  903.2 |
               +--------+--------+--------+--------+--------+-----+--------+

Top non-repeatable levels by time:
     D:1: 1271 daAuts
     D:3: 1215 daAuts
     D:2: 919 daAuts
     D:4: 207 daAuts
